 Dungeon Crawl Stone Soup version 0.30.0-2-g1aa4bd4387 (webtiles) character file.

Game seed: 11604242925390578883

289 Mysteryquy the Chopper (level 6, -3/53 HPs)
             Began as a Minotaur Fighter on May 6, 2023.
             Slain by an orc priest
             ... wielding a +0 mace
              (5 damage)
             ... on level 4 of the Dungeon.
             The game lasted 00:02:31 (2251 turns).

Mysteryquy the Chopper (Minotaur Fighter)           Turns: 2251, Time: 00:02:31

Health: -3/53      AC: 10    Str: 22    XL:     6   Next: 9%
Magic:  5/5        EV:  9    Int:  5    God:
Gold:   116        SH:  4    Dex: 10    Spells: 5/5 levels left

rFire   . . .        a - +0 war axe
rCold   . . .        c - +0 buckler
rNeg    . . .        b - +0 scale mail
rPois   .            (helmet restricted)
rElec   .            y - +2 cloak {rCorr}
rCorr   +            (no gloves)
SInv    .            (no boots)
Will    .....        (no amulet) Stlth
                     (no ring)
HPRegen 0.28/turn    (no ring)
MPRegen 0.09/turn

%: no passive effects
@: no status effects
A: horns 2, retaliatory headbutt
a: no special abilities


You were on level 4 of the Dungeon.
You visited 1 branch of the dungeon, and saw 5 of its levels.

You collected 116 gold pieces.

Inventory:

Hand Weapons
 a - a +0 war axe (weapon)
Armour
 b - a +0 scale mail (worn)
 c - a +0 buckler (worn)
 w - a +0 pair of boots
 y - a +2 cloak of preservation (worn)
Jewellery
 i - a ring of magical power
 v - a ring of see invisible
Scrolls
 f - a scroll of acquirement {unknown}
 g - a scroll of immolation {unknown}
 k - a scroll of vulnerability {unknown}
 m - 2 scrolls of identify {unknown}
 n - a scroll of magic mapping {unknown}
 o - 2 scrolls of fear {unknown}
 p - a scroll of fog {unknown}
 q - a scroll of noise {unknown}
 t - a scroll of silence {unknown}
 u - a scroll of poison {unknown}
 x - 3 scrolls of butterflies {unknown}
Potions
 d - a potion of might
 e - a potion of attraction {unknown}
 h - 3 potions of curing
 j - a potion of magic {unknown}
 l - a potion of lignification {unknown}
 r - a potion of mutation {unknown}
 s - a potion of haste {unknown}


   Skills:
 + Level 4.7 Fighting
 + Level 5.1 Axes
 + Level 5.1 Armour
 + Level 0.9 Dodging
 + Level 0.1 Stealth
 + Level 4.5 Shields


You had 5 spell levels left.
You didn't know any spells.
Your spell library contained the following spells:

 Spells                   Type           Power      Damage    Failure   Level
 Static Discharge         Conj/Air       0%         2-2/arc   94%         2
 Inner Flame              Hex/Fire       0%         N/A       99%         3
 Airstrike                Air            0%         2d(0-16)  100%        4
 Summon Lightning Spire   Summ/Air       0%         N/A       100%        4
 Yara's Violent Unravell  Hex/Tmut       0%         3d3       100%        5
 Enfeeble                 Hex            0%         N/A       100%        7


Dungeon Overview and Level Annotations

Branches:
Dungeon (5/15)
 Temple: D:4-7

Altars:
Elyvilon


Innate Abilities, Weirdness & Mutations

You have a pair of horns on your head.
You reflexively headbutt those who attack you in melee.


Message History

You slash the adder!
You kill the adder!
Unknown command.
The kobold hits you but does no damage.
The orc priest calls down the wrath of Beogh upon you.
Beogh smites you!
You see here an adder corpse.
Unknown command.
Unknown command.
You are too injured to fight recklessly!
You are too injured to fight recklessly!
Unknown command.
You are too injured to fight recklessly!
You are too injured to fight recklessly!
The kobold throws a stone.
The stone hits you but does no damage. You block the orc's attack.
The orc priest invokes the aid of Beogh against you.
Pain shoots through your body! The orc barely misses you.
You furiously retaliate!
You headbutt the orc. You block the orc priest's attack.
You slash the orc priest! Your headbutt misses the orc priest.
The orc priest is severely wounded.
You closely miss the orc. You closely miss the orc priest.
The orc priest mumbles some strange prayers to Beogh against you.
Pain shoots through your body!
* * * LOW HITPOINT WARNING * * *
The orc hits you with a +0 flail!
* * * LOW HITPOINT WARNING * * *
The orc priest looks braver for a moment.
Unknown command.
Unknown command.
You closely miss the orc priest. You headbutt the orc priest.
The orc priest is almost dead.
You barely miss the orc. You slash the kobold!
You kill the kobold!
You slash the orc priest! The orc hits you but does no damage.
The orc priest calls down the wrath of Beogh upon you.
You barely resist. The orc barely misses you. You furiously retaliate!
You headbutt the orc. The orc priest hits you with a +0 mace.
You die...

....#####.#...............
......<.#.##.#.#.#.#.#.#.#
..........#...............
.......$.###.#.#.#.#.#.#.#
.........# ####.#..##..#.#
.........# #.#.........
......)..# #.#.#.......
#.$....†o#### #...#.......
#.......o@o.# #.....#.
##.##.##.##..# .........
#. #..... .... ......... #
#...... ........###..
#......# ### ... ...
......... ##.......#.
#.......#..


You could see 2 orc priests and an orc.

Vanquished Creatures
  A kobold brigand (D:4)
  A sleepcap (D:4)
  2 orc wizards (D:3)
  5 adders
  5 worms
  2 dart slugs
  7 orcs
  5 bats
  8 endoplasms
  2 giant cockroaches
  2 goblins
  10 hobgoblins
  4 jackals (D:1)
  3 quokkas
  8 ball pythons
  A frilled lizard (D:1)
  8 kobolds
  3 rats
77 creatures vanquished.

Notes
Turn   | Place    | Note
-------+----------+-------------------------------------------
     0 | D:1      | Mysteryquy the Minotaur Fighter began the quest for the
                  | Orb.
     0 | D:1      | Reached XP level 1. HP: 19/19 MP: 0/0
   108 | D:1      | Reached XP level 2. HP: 19/27 MP: 1/1
   390 | D:1      | Reached XP level 3. HP: 33/33 MP: 2/2
   721 | D:2      | Found a white marble altar of Elyvilon.
  1233 | D:3      | Reached XP level 4. HP: 41/41 MP: 3/3
  1459 | D:3      | You fall into a shaft and drop 2 floors!
  1459 | D:5      | Entered Level 5 of the Dungeon
  1483 | D:5      | Noticed an ice beast
  1549 | D:4      | Reached XP level 5. HP: 44/47 MP: 4/4
  2245 | D:4      | Reached skill level 5 in Axes
  2245 | D:4      | Reached skill level 5 in Armour
  2245 | D:4      | Reached XP level 6. HP: 31/53 MP: 5/5
  2250 | D:4      | HP: 2/53 [orc/+0 flail (7)]
  2251 | D:4      | Slain by an orc priest

Illustrated notes

Levels and vault maps discovered:
D:1:      lemuel_arrival_cross, layout_rooms, grunt_decor_cap
D:2:      layout_loops_ring, basic_altar, chequers_serial_rivers_micro_a
D:3:      layout_loops_ring, serial_bayou_pond_d
D:4:      layout_rooms, st_stairs_13
D:5:      layout_basic, minmay_temple_entry_fiery, ebering_ghost_reflecting_pool

Skill      XL: |  1  2  3  4  5 |
---------------+----------------+-----
Armour         | 4 5 |  5.1
Fighting       | 4 |  4.7
Shields        | 4 |  4.5
Axes           | 3 4 5 |  5.1
Dodging        | |  0.9
Stealth        | |  0.1

Action                     |  1- 3 |  4- 6 || total
---------------------------+-------+-------++-------
  Melee: War axe           |    71 |    88 ||   159
         Headbutt          |    14 |    10 ||    24
 Armour: Scale mail        |    34 |    46 ||    80
  Dodge: Dodged            |    32 |    31 ||    63
  Block: Buckler           |    11 |    19 ||    30
